 Dungeon Crawl Stone Soup version 0.26.1-2-gb8aa6d0cf2 (webtiles) character file.

Game seed: 4680455678053469733

85437 Alarak the Spear-Bearer (level 15, -1/126 HPs)
             Began as a Gnoll Arcane Marksman on Mar 20, 2021.
             Was the Champion of Hepliaklqana.
             Slain by a death yak (16 damage)
             ... on level 6 of the Lair of Beasts on Mar 21, 2021.
             The game lasted 03:58:09 (41454 turns).

Alarak the Spear-Bearer (Gnoll Arcane Marksman)    Turns: 41454, Time: 03:58:10

Health: -1/126     AC:  8    Str: 17    XL:     15   Next: 83%
Magic:  0/29       EV: 17    Int: 23    God:    Hepliaklqana [******]
Gold:   2125       SH:  8    Dex: 16    Spells: 1/35 levels left

rFire    x . .     SeeInvis .     - Unarmed
rCold    + + +     Faith    .   (shield currently unavailable)
rNeg     . . .     Spirit   +   (armour currently unavailable)
rPois    +         Reflect  .   (helmet currently unavailable)
rElec    .         Harm     .   (cloak currently unavailable)
rCorr    .         Rampage  .   (gloves currently unavailable)
Will     ++...                  (boots currently unavailable)
Stlth    +++++.....             H - brooch of Shielding {Spirit SH+8}
HPRegen  0.31/turn              c - ring of Fugeut {Wiz rPois Will+}
MPRegen  0.21/turn              z - +6 ring of intelligence

@: about to teleport, ice-form, studying Polearms
A: large, distributed training, reduced essence, strong nose
a: End Transformation, Renounce Religion, Recall Ancestor, Ancestor Identity,
Transference, Idealise


You were on level 6 of the Lair of Beasts.
You worshipped Hepliaklqana.
Hepliaklqana was exalted by your worship.
You were a creature of crystalline ice.
You visited 3 branches of the dungeon, and saw 22 of its levels.
You also visited: Sewer and Volcano.

You collected 2125 gold pieces.

Inventory:

Hand Weapons
 a - a +6 spear
 d - a +1 demon whip of electrocution
 s - a +3 shortbow
 u - a +4 scimitar of flaming
 D - a +4 broad axe of freezing
 F - a +1 spear of venom (melded)
 Y - a +5 great sword
Missiles
 h - 57 poisoned darts (quivered)
 N - 614 arrows
Armour
 g - +0 steam dragon scales (melded)
 w - a +1 pair of gloves (melded)
 A - a +2 pair of boots of flying (melded)
 J - a +2 buckler (melded)
 K - a +1 hat (melded)
 P - a scarf of repulsion (melded)
 Z - a +1 ring mail of cold resistance
Jewellery
 c - the ring of Fugeut (left front paw) {Wiz rPois Will+}
   (You found it on level 2 of the Lair of Beasts)

   [ring of wizardry]

   It improves your spell success rate.
   It protects you from poison.
   It affects your willpower, your defense against some magical effects.
 k - the ring of Wiule {Str+6 Int+2 SInv}
   (You found it on level 5 of the Lair of Beasts)

   [ring of strength]

   It affects your strength (+6).
   It affects your intelligence (+2).
   It lets you see invisible.
 z - a +6 ring of intelligence (right front paw)
 H - the brooch of Shielding (around neck) {Spirit SH+8}
   (You found it on level 13 of the Dungeon)

   [amulet of guardian spirit]

   It causes incoming damage to be split between your health and magic.
   It affects your SH (+8).
Wands
 v - a wand of paralysis (49)
 x - a wand of iceblast (11)
 C - a wand of digging (5)
 L - a wand of acid (22)
 O - a wand of polymorph (16)
 R - a wand of disintegration (44)
 V - a wand of flame (30)
Scrolls
 f - a scroll of acquirement
 i - 3 scrolls of fog
 l - a scroll of identify
 o - 10 scrolls of teleportation
 q - 6 scrolls of remove curse
 y - 2 scrolls of magic mapping
 B - 2 scrolls of blinking
 E - 5 scrolls of amnesia
 I - a scroll of holy word
 T - a scroll of enchant armour
Potions
 b - 13 potions of curing
 e - a potion of resistance
 j - 2 potions of magic
 n - 4 potions of haste
 p - 5 potions of invisibility
 t - 3 potions of ambrosia
 G - 2 potions of brilliance
 Q - a potion of cancellation
 S - 8 potions of heal wounds
 U - 4 potions of might
 X - 2 potions of berserk rage
Books
 M - a manual of Polearms
Miscellaneous
 W - a phial of floods (inert)


   Skills:
 + Level 10.6 Fighting
 + Level 10.3 Short Blades
 + Level 10.3 Long Blades
 + Level 10.3 Axes
 + Level 10.3 Maces & Flails
 + Level 13.5 Polearms
 + Level 10.3 Staves
 + Level 10.3 Slings
 + Level 11.2 Bows
 + Level 10.3 Crossbows
 + Level 10.3 Throwing
 + Level 10.3 Armour
 + Level 11.2 Dodging
 + Level 10.3 Stealth
 + Level 10.3 Shields
 + Level 10.3 Unarmed Combat
 + Level 10.7 Spellcasting
 + Level 8.7 Conjurations
 + Level 10.3 Hexes
 + Level 8.7 Summonings
 + Level 8.7 Necromancy
 + Level 8.7 Translocations
 + Level 8.7 Transmutations
 + Level 8.7 Fire Magic
 + Level 8.7 Ice Magic
 + Level 8.7 Air Magic
 + Level 8.7 Earth Magic
 + Level 8.7 Poison Magic
 + Level 11.2 Invocations
 + Level 10.3 Evocations


You had one spell level left.
You knew the following spells:

 Your Spells              Type           Power        Failure   Level
a - Corona                Hex            62%          1%          1
b - Slow                  Hex            56%          1%          2
c - Freezing Cloud        Conj/Ice/Air   25%          9%          6
d - Beastly Appendage     Tmut           100%         1%          1
e - Wereblood             Tmut           51%          1%          2
f - Mephitic Cloud        Conj/Pois/Air  51%          1%          3
g - Ice Form              Ice/Tmut       51%          1%          4
h - Animate Dead          Necr           25%          1%          4
i - Vampiric Draining     Necr           25%          1%          3
j - Gell's Gravitas       Tloc           25%          1%          3
k - Tukima's Dance        Hex            56%          1%          3
l - Ensorcelled Hibernat  Hex/Ice        100%         1%          2

Your spell library contained the following spells:

 Spells                   Type           Power        Failure   Level
 Animate Skeleton         Necr           100%         1%          1
 Pain                     Necr           100%         1%          1
 Sandblast                Erth           100%         1%          1
 Shock                    Conj/Air       100%         1%          1
 Poisonous Vapours        Pois/Air       100%         1%          2
 Swiftness                Air            51%          1%          2
 Confusing Touch          Hex            56%          1%          3
 Conjure Flame            Conj/Fire      51%          1%          3
 Dazzling Flash           Conj/Hex       100%         1%          3
 Inner Flame              Hex/Fire       54%          1%          3
 Portal Projectile        Hex/Tloc       100%         1%          3
 Spider Form              Tmut/Pois      25%          1%          3
 Static Discharge         Conj/Air       51%          1%          3
 Airstrike                Air            25%          1%          4
 Cause Fear               Hex            28%          1%          4
 Leda's Liquefaction      Hex/Erth       27%          1%          4
 Passage of Golubria      Tloc           N/A          1%          4
 Petrify                  Tmut/Erth      51%          1%          4
 Agony                    Necr           51%          1%          5
 Blade Hands              Tmut           25%          1%          5
 Lightning Bolt           Conj/Air       25%          1%          5
 Silence                  Hex/Air        27%          1%          5
 Yara's Violent Unravell  Hex/Tmut       27%          1%          5
 Malign Gateway           Summ/Tloc      25%          43%         7
 Discord                  Hex            28%          87%         8


Dungeon Overview and Level Annotations

Branches:
Dungeon (15/15)            Temple (1/1) D:4            Lair (6/6) D:11
  Swamp (0/4) Lair:2       Spider (0/4) Lair:3        Slime (0/5) Lair:5
    Orc (0/2) D:12         Vaults (0/5) D:14         Depths (0/5) D:15
  Sewer (visited)         Volcano (visited)

Altars:
Ashenzari
Cheibriados
Dithmenos
Elyvilon
Fedhas
Gozag
Hepliaklqana
Kikubaaqudgha
Makhleb
Nemelex Xobeh
Okawaru
Qazlal
Ru
Sif Muna
Trog
Uskayaw
Vehumet
Wu Jian
Xom
Yredelemnul
Zin
The Shining One

Annotations:
Lair:6 1 runed translucent door, kalagan's ghost, journeyman DECj


Innate Abilities, Weirdness & Mutations

Your experience applies equally to all skills.
((You have very sharp teeth.))
Your uncanny sense of smell can sniff out nearby items.
Your life essence is reduced to manifest your ancestor. (-10% HP)


Message History

N - 612 arrows (gained 2)
N - 614 arrows (gained 2)
You start resting.
A komodo dragon comes into view.
A death yak comes into view.
The komodo dragon hisses angrily.
The komodo dragon bites you!!
* * * LOW HITPOINT WARNING * * *
You hit the komodo dragon. You freeze the komodo dragon.
The komodo dragon is lightly wounded.
You punch the komodo dragon!
The komodo dragon seems to slow down.
You freeze the komodo dragon.
The komodo dragon is heavily wounded.
The komodo dragon bites you!!
* * * LOW HITPOINT WARNING * * *
As you read the scroll of teleportation, it crumbles to dust.
You feel strangely unstable.
The komodo dragon is no longer moving slowly.
The death yak gores you!!
You die...

..............................)..
........###..##..####...####..##.
......).# ######## ##### ######
.#....######..(####
########..†.......##
#######.#.....)....###
....#......###.#.....#
#..##......#.......((#
...##......#...#Y#...#
#..##..#...#...#.Y.###∆
#..###...########l..# .#
##.##..#.....##...#.#...#.
.#.##........##............ ∆
...Z.†#......##.....#####..
.....#........###.....
.......##....# #.......
.......####### #####...#


You could see a death yak and a komodo dragon.

Vanquished Creatures
  Nessos (Lair:6)
  A yaktaur captain (D:15)
  A boulder beetle (D:12)
  5 vault guards
  3 hydras
  2 tengu warriors
  4 two-headed ogres
  A centaur warrior (D:15)
  4 death yaks
  A fire crab (Volcano)
  The ghost of arta456 the Thaumaturge, a novice DECj of Sif Muna (D:10)
  An unseen horror (D:14)
  3 lindwurms
  A deep elf archer (D:14)
  2 deep elf magi
  2 manticores
  4 ugly things
  3 cyclopes
  7 elephants (Lair:6)
  A torpor snail (Lair:3)
  3 black mambas
  3 gargoyles
  Psyche (D:12)
  5 cane toads
  An eye of devastation (Lair:5)
  A yaktaur (D:15)
  An efreet (D:14)
  3 komodo dragons
  2 tengu conjurers
  7 trolls
  4 blink frogs
  A centaur simulacrum (D:14)
  3 shadows
  5 wyverns
  4 basilisks
  2 wraiths
  A fire bat (Lair:2)
  27 yaks
  5 vampire mosquitoes
  9 water moccasins
  A warg (shapeshifter) (D:14)
  3 hell hounds (Volcano)
  A hornet zombie (D:9)
  3 black bears
  7 orc warriors
  An eye of draining (Lair:5)
  2 ice beasts
  5 sky beasts
  4 ogres
  A necrophage (D:9)
  9 wolves
  2 phantoms
  9 centaurs
  4 big kobolds
  2 wyvern zombies
  11 bullfrogs
  A battlemage (D:15)
  A hornet simulacrum (D:14)
  A scorpion (D:8)
  23 wights
  11 killer bees
  3 electric eels
  2 howler monkeys
  2 centaur zombies
  A quasit (D:7)
  6 jellies
  4 hounds
  13 orc priests
  12 orc wizards
  4 centaur skeletons
  6 iguanas
  10 worker ants
  A polar bear simulacrum (D:9)
  A killer bee zombie (D:5)
  A wolf simulacrum (D:9)
  2 hound skeletons (D:7)
  2 ancestors
  16 adders
  6 gnolls
  A river rat (Sewer)
  A shadow imp (D:5)
  A white imp (D:6)
  An ufetubus (D:6)
  An ooze (D:5)
  An adder skeleton (D:9)
  2 worms
  3 leopard geckos
  72 orcs
  11 bats
  6 giant cockroaches
  7 goblins
  8 hobgoblins
  11 jackals
  8 quokkas
  3 ball pythons
  2 frilled lizards (D:2)
  27 kobolds
  A leopard gecko skeleton (D:3)
  A quokka zombie (D:8)
  11 rats
  5 river rat simulacra (D:9)
514 creatures vanquished.

Vanquished Creatures (collateral kills)
  A great orb of eyes (D:14)
  3 vault guards (D:14)
  5 hydras
  A boulder beetle (Lair:6)
  A centaur warrior (D:14)
  Erica (D:8)
  An ogre mage (D:15)
  6 two-headed ogres
  A death yak (Lair:4)
  A tengu warrior (D:15)
  Nergalle (Lair:1)
  An unseen horror (D:14)
  2 lindwurms (Lair:2)
  A deep elf mage (D:11)
  A necromancer (D:9)
  3 ugly things
  A cyclops (D:15)
  3 elephants (Lair:6)
  An elephant (shapeshifter) (D:13)
  A centaur zombie (D:15)
  An ice statue (D:12)
  A gargoyle (D:14)
  7 cane toads
  3 kobold demonologists (D:15)
  3 rime drakes
  3 komodo dragons
  A merfolk (D:12)
  2 trolls
  3 polar bears (Lair:4)
  2 blink frogs (Lair:4)
  2 dream sheep (Lair:3)
  2 wraiths
  4 wyverns
  A dancing weapon (D:14)
  A tarantella (Lair:3)
  A human (D:12)
  17 yaks
  Grum (D:8)
  A basilisk (Lair:6)
  5 fire bats (Lair:2)
  A soldier ant (D:11)
  2 acid dragons
  7 water moccasins
  6 orc warriors
  2 ice beasts
  3 sky beasts
  4 wolves
  A hornet zombie (D:13)
  3 centaurs
  2 eyes of draining
  3 ogres
  2 bullfrogs
  2 wyvern zombies
  8 killer bees
  7 wights
  A jelly (D:13)
  2 lava snakes (D:9)
  A bullfrog zombie (D:11)
  3 orc priests
  2 hounds
  8 orc wizards
  A centaur skeleton (D:11)
  2 iguanas
  A bullfrog skeleton (D:8)
  2 worker ants
  A polar bear simulacrum (D:9)
  A killer bee zombie (D:5)
  A hound zombie (D:5)
  A hound skeleton (D:5)
  A worker ant zombie (D:11)
  2 gnolls (D:6)
  An adder (D:5)
  2 river rats
  A leopard gecko (D:5)
  16 orcs
  A giant cockroach (D:5)
  3 jackals (D:5)
  5 kobolds
  2 quokkas
  A jackal zombie (D:5)
  3 river rat simulacra (D:9)
215 creatures vanquished.

Vanquished Creatures (others)
  A blink frog (Lair:5)
  7 dancing weapons
  A vampire mosquito (D:14)
  A steam dragon (Volcano)
  28 battlemagi
  An ancestor (D:5)
  An orc (D:12)
  A kobold (D:3)
  A bush (D:11)
  28 fungi
  94 plants
164 creatures vanquished.

Grand Total: 893 creatures vanquished

Notes
Turn   | Place    | Note
-------+----------+-------------------------------------------
     0 | D:1      | Alarak the Gnoll Arcane Marksman began the quest for the
                  | Orb.
     0 | D:1      | Reached XP level 1. HP: 17/17 MP: 4/4
    82 | D:1      | Reached XP level 2. HP: 23/23 MP: 5/5
    85 | D:1      | Learned a level 2 spell: Slow
   962 | D:1      | Reached XP level 3. HP: 23/28 MP: 7/7
  1539 | D:2      | Reached skill level 1 in Invocations
  1786 | D:2      | Reached skill level 1 in Short Blades
  1786 | D:2      | Reached skill level 1 in Long Blades
  1786 | D:2      | Reached skill level 1 in Axes
  1786 | D:2      | Reached skill level 1 in Maces & Flails
  1786 | D:2      | Reached skill level 1 in Polearms
  1786 | D:2      | Reached skill level 1 in Staves
  1786 | D:2      | Reached skill level 1 in Slings
  1786 | D:2      | Reached skill level 1 in Crossbows
  1786 | D:2      | Reached skill level 1 in Throwing
  1786 | D:2      | Reached skill level 1 in Armour
  1786 | D:2      | Reached skill level 1 in Stealth
  1786 | D:2      | Reached skill level 1 in Shields
  1786 | D:2      | Reached skill level 1 in Unarmed Combat
  1786 | D:2      | Reached skill level 1 in Evocations
  1976 | D:2      | Reached XP level 4. HP: 34/34 MP: 8/8
  2097 | D:2      | Found a faded altar of an unknown god.
  3217 | D:3      | Reached skill level 1 in Conjurations
  3217 | D:3      | Reached skill level 1 in Summonings
  3217 | D:3      | Reached skill level 1 in Necromancy
  3217 | D:3      | Reached skill level 1 in Translocations
  3217 | D:3      | Reached skill level 1 in Transmutations
  3217 | D:3      | Reached skill level 1 in Fire Magic
  3217 | D:3      | Reached skill level 1 in Ice Magic
  3217 | D:3      | Reached skill level 1 in Air Magic
  3217 | D:3      | Reached skill level 1 in Earth Magic
  3217 | D:3      | Reached skill level 1 in Poison Magic
  3591 | D:3      | Reached XP level 5. HP: 40/40 MP: 7/9
  3628 | D:2      | Learned a level 3 spell: Inner Flame
  5307 | D:3      | Reached XP level 6. HP: 47/47 MP: 8/10
  5565 | D:3      | Reached skill level 5 in Bows
  5565 | D:3      | Reached skill level 5 in Dodging
  5725 | D:3      | Reached skill level 2 in Polearms
  6061 | D:3      | Found a radiant altar of Vehumet.
  6061 | D:3      | Found an ancient bone altar of Kikubaaqudgha.
  6063 | D:3      | Found a shimmering blue altar of Sif Muna.
  6070 | D:3      | Identified Sif Muna's Volume of the Oath
  6189 | D:3      | Found a white marble altar of Elyvilon.
  6192 | D:3      | Found a sacrificial altar of Ru.
  6196 | D:3      | Found a glowing golden altar of the Shining One.
  7476 | D:4      | Reached XP level 7. HP: 52/52 MP: 12/12
  8163 | D:4      | Found an iron altar of Okawaru.
  8482 | D:4      | Found a staircase to the Ecumenical Temple.
  8496 | Temple   | Entered the Ecumenical Temple
  8631 | Temple   | Became a worshipper of Hepliaklqana the Forgotten
  9055 | D:5      | Entered Level 5 of the Dungeon
  9561 | D:5      | Reached XP level 8. HP: 27/54 MP: 14/14
  9736 | D:5      | Reached skill level 3 in Polearms
  9773 | D:5      | Noticed a troll
  9926 | D:5      | Killed a troll
 10898 | D:6      | Found a glowing drain.
 10907 | D:6      | Found an iron altar of Okawaru.
 10909 | Sewer    | Entered a sewer
 11045 | Sewer    | Found a white marble altar of Elyvilon.
 11552 | D:6      | Reached XP level 9. HP: 59/59 MP: 16/16
 12047 | D:6      | Learned a level 1 spell: Beastly Appendage
 12050 | D:6      | Learned a level 2 spell: Wereblood
 12091 | D:6      | Reached * piety under Hepliaklqana
 12112 | D:6      | Paralysed by an orc wizard for 3 turns
 12118 | D:6      | Reached skill level 4 in Polearms
 12119 | D:6      | Reached skill level 5 in Spellcasting
 12924 | D:7      | Reached skill level 5 in Fighting
 12946 | D:7      | HP: 1/61 [disintegration (32)]
 13145 | D:7      | Learned a level 3 spell: Mephitic Cloud
 13855 | D:7      | Reached skill level 5 in Invocations
 13911 | D:7      | Reached skill level 5 in Polearms
 14629 | D:8      | Reached XP level 10. HP: 54/66 MP: 15/18
 14817 | D:8      | Reached skill level 5 in Short Blades
 14817 | D:8      | Reached skill level 5 in Long Blades
 14817 | D:8      | Reached skill level 5 in Axes
 14817 | D:8      | Reached skill level 5 in Maces & Flails
 14817 | D:8      | Reached skill level 5 in Staves
 14817 | D:8      | Reached skill level 5 in Slings
 14817 | D:8      | Reached skill level 5 in Crossbows
 14817 | D:8      | Reached skill level 5 in Throwing
 14817 | D:8      | Reached skill level 5 in Armour
 14817 | D:8      | Reached skill level 5 in Stealth
 14817 | D:8      | Reached skill level 5 in Shields
 14817 | D:8      | Reached skill level 5 in Unarmed Combat
 14817 | D:8      | Reached skill level 5 in Evocations
 14868 | D:8      | Noticed Erica
 14876 | D:8      | Noticed Grum
 14877 | D:8      | Reached skill level 6 in Polearms
 14906 | D:8      | Killed Erica
 14923 | D:8      | Killed Grum
 15556 | D:8      | Reached ** piety under Hepliaklqana
 15557 | D:8      | Remembered your ancestor Alatar as a battlemage
 15731 | D:9      | Noticed a necromancer
 15749 | D:9      | Killed a necromancer
 16078 | D:9      | Reached skill level 7 in Polearms
 16347 | D:9      | Reached XP level 11. HP: 57/74 MP: 15/20
 16479 | D:9      | Learned a level 4 spell: Ice Form
 16997 | D:10     | Entered Level 10 of the Dungeon
 16999 | D:10     | Reached *** piety under Hepliaklqana
 17012 | D:10     | Found a runed translucent door.
 17013 | D:10     | Noticed arta456's ghost (novice DECj)
 17064 | D:10     | Reached skill level 5 in Conjurations
 17064 | D:10     | Reached skill level 5 in Summonings
 17064 | D:10     | Reached skill level 5 in Necromancy
 17064 | D:10     | Reached skill level 5 in Translocations
 17064 | D:10     | Reached skill level 5 in Transmutations
 17064 | D:10     | Reached skill level 5 in Fire Magic
 17064 | D:10     | Reached skill level 5 in Ice Magic
 17064 | D:10     | Reached skill level 5 in Air Magic
 17064 | D:10     | Reached skill level 5 in Earth Magic
 17064 | D:10     | Reached skill level 5 in Poison Magic
 17242 | D:10     | Noticed a two-headed ogre
 17253 | D:10     | Killed a two-headed ogre
 18161 | D:10     | Killed arta456's ghost
 18170 | D:10     | Reached skill level 8 in Polearms
 18505 | D:11     | Noticed a deep elf mage
 18511 | D:11     | Killed a deep elf mage
 19268 | D:11     | Found a staircase to the Lair.
 19941 | D:11     | Reached XP level 12. HP: 79/79 MP: 20/23
 20344 | D:12     | Reached **** piety under Hepliaklqana
 20371 | D:12     | Noticed a boulder beetle
 20372 | D:12     | Noticed Psyche
 20386 | D:12     | Killed a boulder beetle
 20387 | D:12     | Reached skill level 9 in Polearms
 20388 | D:12     | Killed Psyche
 22112 | D:12     | Found a staircase to the Orcish Mines.
 23208 | D:12     | Identified the Grimoire of Dusty Orientation
 23217 | D:12     | Learned a level 4 spell: Animate Dead
 23792 | D:13     | Reached skill level 10 in Polearms
 24309 | D:13     | Found the brooch of Shielding {Spirit SH+8}
 24462 | D:13     | Reached XP level 13. HP: 87/88 MP: 21/25
 25019 | D:13     | You fall into a shaft and drop 1 floor!
 25462 | D:14     | Noticed a great orb of eyes
 25464 | D:14     | Paralysed by a great orb of eyes for 4 turns
 25968 | D:14     | Noticed a vault guard
 25981 | D:14     | Killed a vault guard
 26082 | D:14     | Noticed a vault guard
 26095 | D:14     | Killed a vault guard
 26104 | D:14     | Paralysed by a great orb of eyes for 6 turns
 26115 | D:14     | Killed a great orb of eyes
 26165 | D:14     | Noticed a vault guard
 26179 | D:14     | Killed a vault guard
 26236 | D:14     | Learned a level 3 spell: Vampiric Draining
 26334 | D:14     | Reached skill level 11 in Polearms
 26365 | D:14     | Learned a level 3 spell: Gell's Gravitas
 26452 | D:14     | Noticed a vault guard
 26453 | D:14     | Noticed a vault guard
 26538 | D:14     | Found a gate to the Vaults.
 26584 | D:14     | Noticed a vault guard
 26586 | D:14     | Noticed a vault guard
 27220 | D:13     | Killed a vault guard
 27235 | D:13     | Killed a vault guard
 27279 | D:13     | Killed a vault guard
 27505 | D:14     | Killed a vault guard
 27911 | D:14     | Noticed a vault guard
 27926 | D:14     | Killed a vault guard
 27979 | D:14     | Learned a level 3 spell: Tukima's Dance
 28107 | D:14     | Found a blossoming altar of Fedhas.
 28561 | D:14     | Reached XP level 14. HP: 97/97 MP: 15/27
 29384 | D:15     | Entered Level 15 of the Dungeon
 29403 | D:15     | Reached skill level 10 in Bows
 29403 | D:15     | Reached skill level 10 in Dodging
 30909 | D:15     | Reached skill level 10 in Invocations
 30949 | D:15     | Reached skill level 12 in Polearms
 32480 | D:15     | Found a staircase to the Depths.
 33040 | Lair:1   | Entered Level 1 of the Lair of Beasts
 33041 | Lair:1   | Reached ***** piety under Hepliaklqana
 33057 | Lair:1   | Noticed Nergalle
 33066 | Lair:1   | Killed Nergalle
 34372 | Lair:2   | Found the +6 arbalest "Damnation" {damnation}
 34397 | Lair:2   | Reached skill level 10 in Spellcasting
 34422 | Lair:2   | Got a fine glass ring
 34477 | Lair:2   | Found a dark tunnel.
 34493 | Lair:2   | Identified the ring of Fugeut {Wiz rPois Will+} (You found
                  | it on level 2 of the Lair of Beasts)
 34502 | Volcano  | Entered a volcano
 34730 | Volcano  | Reached skill level 10 in Fighting
 34883 | Volcano  | Identified a scroll of acquirement
 35359 | Lair:2   | Found a staircase to the Swamp.
 36274 | Lair:3   | Reached XP level 15. HP: 91/103 MP: 25/29
 36403 | Lair:3   | Found a hole to the Spider Nest.
 37780 | Lair:4   | Reached ****** piety under Hepliaklqana
 37828 | Lair:4   | Reached skill level 10 in Hexes
 38292 | Lair:4   | Reached skill level 13 in Polearms
 38882 | Lair:4   | Reached skill level 10 in Short Blades
 38882 | Lair:4   | Reached skill level 10 in Long Blades
 38882 | Lair:4   | Reached skill level 10 in Axes
 38882 | Lair:4   | Reached skill level 10 in Maces & Flails
 38882 | Lair:4   | Reached skill level 10 in Staves
 38882 | Lair:4   | Reached skill level 10 in Slings
 38882 | Lair:4   | Reached skill level 10 in Crossbows
 38882 | Lair:4   | Reached skill level 10 in Throwing
 38882 | Lair:4   | Reached skill level 10 in Armour
 38882 | Lair:4   | Reached skill level 10 in Stealth
 38882 | Lair:4   | Reached skill level 10 in Shields
 38882 | Lair:4   | Reached skill level 10 in Unarmed Combat
 38882 | Lair:4   | Reached skill level 10 in Evocations
 39048 | Lair:5   | Got a glittering platinum ring
 39050 | Lair:5   | Identified the ring of Wiule {Str+6 Int+2 SInv} (You found
                  | it on level 5 of the Lair of Beasts)
 39059 | Lair:5   | Learned a level 6 spell: Freezing Cloud
 39095 | Lair:5   | Found a staircase to the Slime Pits.
 39805 | Lair:6   | Entered Level 6 of the Lair of Beasts
 39819 | Lair:6   | Learned a level 2 spell: Ensorcelled Hibernation
 41199 | Lair:6   | Noticed kalagan's ghost (journeyman DECj)
 41207 | Lair:6   | Found a runed translucent door.
 41410 | Lair:6   | Noticed Nessos
 41432 | Lair:6   | Killed Nessos
 41454 | Lair:6   | Slain by a death yak

Illustrated notes

Levels and vault maps discovered:
D:1:      shiori_arrival_elements, layout_basic, nrook_loot_triangle
D:2:      layout_basic, chequers_ecumenical_altar_simple
D:3:      wad_woods_tower, layout_basic, grunt_temple_overflow_magic_moments,
          grunt_temple_overflow_diamond
D:4:      minmay_inner_zag, layout_cave_pods, temple_green, serial_bayou_ford_a,
          hex_tiny, lemuel_altar_in_water
D:5:      minmay_clustersquares, layout_loops_cross
D:6:      layout_gridville, overflow_temple_1_default,
          cheibrodos_sewer_entry_sluice, minmay_manual_mandibuliform
D:7:      layout_loops_ring
D:8:      layout_cave_pools, uniq_erica, uniq_grum
D:9:      layout_small_grid, nicolae_lava_and_water, eino_house_with_fridge
D:10:     layout_rooms, ebering_ghost_inner_flame, kennysheep_generic_room_16
D:11:     layout_layer_cave, minmay_lair_entry_grove
D:12:     layout_basic, hiddenorc2_lemuel, serial_corexii_hall,
          corexii_hall_statues_i, chequers_hall_statues_wall_a,
          chequers_hall_statues_corner_a, chequers_hall_statues_corner_a,
          st_stairs_5, minivault_16, library_closet, nrook_pool_corridor,
          hangedman_decor_opposing, hangedman_stone_soup, uniq_psyche
D:13:     layout_roguey, minmay_checkerbox
D:14:     layout_long_grid, erik_vaults_2, fedhas_altar_4, serial_rivers,
          chequers_serial_rivers_micro_d, chequers_serial_rivers_room_b,
          chequers_serial_rivers_micro_e, chequers_serial_rivers_small_a,
          chequers_serial_rivers_room_a, minivault_28
D:15:     grunt_enter_depths_snipers, layout_basic, minmay_tree_intersection
Temple:   eino_wide_crystal_templ
Lair:1:   layout_regular_city, st_stairs_11, uniq_nergalle
Lair:2:   layout_gridlike, swamp_mist_pool, nicolae_volcano_entry_batcave,
          minmay_lindwurm_lava
Lair:3:   layout_loops_ring, spider_nest_entry_rubble, grunt_megastairs_4,
          infiniplex_staircase_pool
Lair:4:   layout_hall_layers, gauntlet_entry_generic, minivault_23,
          beast_lair_carwin_9
Lair:5:   layout_misc_corridors, minmay_slime_entry_eyes
Lair:6:   wormcave, layout_regular_city, hangedman_lair_in_review,
          hellmonk_ghost_happy_afterlife, uniq_nessos

Skill      XL: |  1  2  3  4  5  6  7  8  9 10 11 12 13 14 15 |
---------------+----------------------------------------------+-----
Invocations    | 1 2 3 4 5 6 7 8 9 10 11 | 11.2
Short Blades   | 1 2 3 4 5 6 7 8 9 10 | 10.3
Long Blades    | 1 2 3 4 5 6 7 8 9 10 | 10.3
Axes           | 1 2 3 4 5 6 7 8 9 10 | 10.3
Maces & Flails | 1 2 3 4 5 6 7 8 9 10 | 10.3
Polearms       | 1 2 3 5 7 8 10 11 12 13 | 13.5
Staves         | 1 2 3 4 5 6 7 8 9 10 | 10.3
Slings         | 1 2 3 4 5 6 7 8 9 10 | 10.3
Crossbows      | 1 2 3 4 5 6 7 8 9 10 | 10.3
Throwing       | 1 2 3 4 5 6 7 8 9 10 | 10.3
Armour         | 1 2 3 4 5 6 7 8 9 10 | 10.3
Stealth        | 1 2 3 4 5 6 7 8 9 10 | 10.3
Shields        | 1 2 3 4 5 6 7 8 9 10 | 10.3
Unarmed Combat | 1 2 3 4 5 6 7 8 9 10 | 10.3
Evocations     | 1 2 3 4 5 6 7 8 9 10 | 10.3
Spellcasting   | 3 4 5 6 7 8 9 10 | 10.7
Conjurations   | 1 2 3 4 5 6 7 8 |  8.7
Summonings     | 1 2 3 4 5 6 7 8 |  8.7
Necromancy     | 1 2 3 4 5 6 7 8 |  8.7
Translocations | 1 2 3 4 5 6 7 8 |  8.7
Transmutations | 1 2 3 4 5 6 7 8 |  8.7
Fire Magic     | 1 2 3 4 5 6 7 8 |  8.7
Ice Magic      | 1 2 3 4 5 6 7 8 |  8.7
Air Magic      | 1 2 3 4 5 6 7 8 |  8.7
Earth Magic    | 1 2 3 4 5 6 7 8 |  8.7
Poison Magic   | 1 2 3 4 5 6 7 8 |  8.7
Fighting       | 3 4 5 6 7 8 9 10 | 10.6
Bows           | 5 6 7 8 9 10 11 | 11.2
Dodging        | 5 6 7 8 9 10 11 | 11.2
Hexes          | 6 7 8 9 10 | 10.3

Action                   |  1- 3 |  4- 6 |  7- 9 | 10-12 | 13-15 || total
-------------------------+-------+-------+-------+-------+-------++-------
Melee: Dagger            |    25 |    35 |       |       |       ||    60
       Bite              |       |     7 |    32 |    41 |    62 ||   142
       Spear             |       |    25 |   364 |   403 |   394 ||  1186
       Punch             |       |     1 |     6 |    11 |     9 ||    27
       Kick              |       |       |    19 |    59 |    78 ||   156
       Headbutt          |       |       |    14 |    33 |    36 ||    83
       Unarmed           |       |       |       |   189 |   268 ||   457
       Scimitar          |       |       |       |    35 |     5 ||    40
       Great sword       |       |       |       |    12 |       ||    12
       Demon whip        |       |       |       |     3 |    92 ||    95
       Staff             |       |       |       |       |    12 ||    12
 Fire: Shortbow          |    22 |       |     3 |    59 |   101 ||   185
       Hunting sling     |    55 |   208 |    66 |       |       ||   329
Throw: Stone             |   102 |    26 |    26 |       |       ||   154
       Dart              |       |       |       |       |     5 ||     5
 Cast: Corona            |     4 |    50 |    17 |     8 |    10 ||    89
       Slow              |     2 |     9 |     4 |     2 |    40 ||    57
       Inner Flame       |       |     6 |    14 |       |     5 ||    25
       Beastly Appendage |       |       |    16 |    33 |    23 ||    72
       Wereblood         |       |       |    12 |    37 |    44 ||    93
       Mephitic Cloud    |       |       |     6 |    36 |    40 ||    82
       Ice Form          |       |       |       |    21 |    35 ||    56
       Animate Dead      |       |       |       |     1 |     7 ||     8
       Vampiric Draining |       |       |       |       |     8 ||     8
       Tukima's Dance    |       |       |       |       |    17 ||    17
       Gell's Gravitas   |       |       |       |       |     6 ||     6
       Ensorcelled Hiber |       |       |       |       |    13 ||    13
       Freezing Cloud    |       |       |       |       |     6 ||     6
Invok: Ancestor Identity |       |       |     1 |     1 |       ||     2
       Recall Ancestor   |       |       |     1 |     1 |     5 ||     7
       Ancestor Life: Ba |       |       |       |     1 |       ||     1
       Idealise          |       |       |       |       |     1 ||     1
Evoke: Wand              |       |       |     1 |       |     1 ||     2
       Phial of floods   |       |       |       |       |     1 ||     1
  Use: Potion            |       |     2 |       |       |       ||     2
       Scroll            |       |     1 |     2 |    13 |    24 ||    40
 Stab: Sleeping          |       |     1 |     4 |    10 |    10 ||    25
       Distracted        |       |       |     3 |     2 |     9 ||    14
       Paralysed         |       |       |     5 |       |       ||     5
       Confused          |       |       |     4 |    16 |    16 ||    36
Armor: Robe              |    26 |    24 |       |       |       ||    50
       Leather armour    |       |     5 |    13 |       |       ||    18
       Troll leather arm |       |       |    49 |    26 |       ||    75
       Skin              |       |       |       |    30 |    59 ||    89
       Ring mail         |       |       |       |    24 |    34 ||    58
       Plate armour      |       |       |       |       |     2 ||     2
       Steam dragon scal |       |       |       |       |    20 ||    20
Dodge: Dodged            |   113 |   175 |   166 |   232 |   318 ||  1004
       Repelled          |       |       |       |     1 |     6 ||     7
Block: Other             |       |    10 |    61 |    79 |    98 ||   248
       Reflection        |       |       |     6 |     7 |       ||    13
       Buckler           |       |       |       |       |   195 ||   195
       Rpst.: Scimitar   |       |       |       |     6 |       ||     6
       Great sword       |       |       |       |     2 |       ||     2
